BlackHawks vs RedWings

Created - 24 septembre 2017 at 17:26

Simulating a Pre-Season

Goals
1 2 3 T
BlackHawks 2 1 1 4
RedWings 0 1 1 2
Shots
1 2 3 T
BlackHawks 23 14 10 47
RedWings 9 9 11 29

1st period

1. BlackHawks , Jack Eichel 1 (Artemi Panarin 1, Dion Phaneuf 1) at 13:32 (PP)
2. BlackHawks , David Backes 2 (Andrew Shaw 3, Jason Chimera 2) at 17:03

Penalties :
Erik Haula (DET) for Hooking (Minor) at 4:57, Ben Lovejoy (DET) for Hooking (Minor) at 8:21, Thomas Hickey (DET) for Interference (Minor) at 9:25, Alex Galchenyuk (CHI) for Hooking (Minor) at 9:25, Dennis Seidenberg (DET) for Hooking (Minor) at 12:56, Eric Gryba (DET) for Interference (Minor) at 19:13

2nd period

3. BlackHawks , Kyle Okposo 1 (Artemi Panarin 2, Jeff Petry 2) at 9:05 (PP)
4. RedWings , Dennis Seidenberg 2 (Paul Martin 4, Erik Haula 4) at 19:52 (PP)

Penalties :
Jeff Petry (CHI) for Holding (Minor) at 1:09, Ryan Hartman (DET) for Slashing (Minor) at 8:55, Tyler Toffoli (DET) for Tripping (Minor) at 16:35, Trevor Lewis (CHI) for Holding (Minor) at 19:20

3rd period

5. BlackHawks , Jack Eichel 2 (Adam McQuaid 3) at 9:34
6. RedWings , Thomas Hickey 1 (Ben Lovejoy 2, Micheal Ferland 1) at 14:20 (PP)

Penalties :
Jack Eichel (CHI) for Roughing (Minor) at 0:30, Kevan Miller (CHI) for Holding Stick (Minor) at 13:33

Goalie Stats

Sergei Bobrovsky (CHI), 27 saves from 29 shots - (0.931), W, 2-0-1, 60:00 minutes
Roberto Luongo (DET), 43 saves from 47 shots - (0.915), L, 3-3-0, 60:00 minutes

Players Stats for BlackHawks

Player Name              G  A  P  +/- PIM S  H  SB GA TA FO     MP     PP MP  PK MP  
------------------------------------------------------------------------------------
Aaron Ekblad             0  0  0   2  0   2  1  0  0  0  0/0    21:56   2:55   2:40 
Adam McQuaid             0  1  1   2  0   3  3  1  0  0  0/0    18:52   0:00   2:07 
Alex Galchenyuk          0  0  0   0  2   5  0  0  0  0  9/21   14:32   2:23   0:00 
Andrew Shaw              0  1  1   1  0   0  2  0  0  0  11/16  12:27   0:00   0:00 
Antoine Roussel          0  0  0   0  0   2  3  0  0  0  0/2    14:10   0:00   3:20 
Artemi Panarin           0  2  2   1  0   6  0  0  0  0  0/2    16:56   5:20   0:00 
Brady Austin             0  0  0   0  0   0  0  1  0  0  0/0    15:10   0:00   0:12 
David Backes             1  0  1   1  0   6  0  0  0  0  0/0    13:02   0:00   1:54 
Dion Phaneuf             0  1  1   0  0   2  3  1  0  0  0/0    23:21   4:49   2:34 
Gabriel Landeskog        0  0  0   0  0   5  6  0  0  0  1/2    14:33   2:24   0:00 
Jack Eichel              2  0  2   1  2   2  0  0  0  0  20/38  16:55   5:20   0:00 
Jason Chimera            0  1  1   1  0   4  0  0  0  0  1/1    11:08   0:00   0:00 
Jay Beagle               0  0  0   0  0   0  1  0  0  0  14/24  14:10   0:00   3:20 
Jeff Petry               0  1  1   0  2   1  1  0  0  0  0/0    21:06   4:48   0:35 
Kevan Miller             0  0  0   0  2   2  2  1  0  0  0/0    19:33   2:55   2:20 
Kyle Okposo              1  0  1   1  0   4  4  0  0  0  0/0    17:32   5:20   0:00 
Radim Vrbata             0  0  0   0  0   2  0  0  0  0  1/2    14:33   2:24   0:00 
Trevor Lewis             0  0  0   0  2   1  3  0  0  0  2/3    12:43   0:00   1:54 

Players Stats for RedWings

Player Name              G  A  P  +/- PIM S  H  SB GA TA FO     MP     PP MP  PK MP  
------------------------------------------------------------------------------------
Andrew Cogliano          0  0  0  -1  0   5  0  0  0  0  0/2    16:49   2:29   0:00 
Ben Lovejoy              0  1  1  -2  2   1  4  1  0  0  0/0    20:27   1:40   3:11 
David Pastrnak           0  0  0  -1  0   1  0  0  0  0  0/3    14:08   2:09   1:46 
Dennis Seidenberg        1  0  1   0  2   1  3  4  0  0  0/0    24:27   3:34   3:57 
Eric Gryba               0  0  0   0  2   0  5  1  0  0  0/0    14:29   0:00   0:47 
Erik Haula               0  1  1  -1  2   3  1  0  0  0  17/31  18:35   2:29   0:50 
Filip Forsberg           0  0  0   0  0   6  0  0  0  0  0/1    21:10   0:00   5:48 
Jonathan Drouin          0  0  0  -1  0   2  0  0  0  0  1/4    16:28   2:45   0:51 
Kris Russell             0  0  0  -2  0   0  0  4  0  0  0/0    19:53   0:00   4:26 
Loui Eriksson            0  0  0  -1  0   3  2  0  0  0  1/1    13:50   0:00   0:58 
Micheal Ferland          0  1  1   0  0   0  3  0  0  0  0/1     4:37   0:20   0:00 
Paul Martin              0  1  1   0  0   0  0  3  0  0  0/0    24:44   3:34   4:13 
Ryan Hartman             0  0  0   0  2   0  1  0  0  0  0/0    17:47   0:00   0:00 
Sam Gagner               0  0  0   0  0   0  0  0  0  0  19/29  16:21   0:00   1:46 
Sean Monahan             0  0  0   0  0   1  0  0  0  0  3/3     3:23   0:00   0:00 
Sven Andrighetto         0  0  0   0  0   1  0  0  0  0  1/1     6:08   2:45   0:00 
Thomas Hickey            1  0  1   0  2   2  0  0  0  0  0/0    15:56   1:40   0:43 
Tyler Toffoli            0  0  0  -1  2   3  2  0  0  0  10/35  20:00   2:45   4:24 

3 Stars

1 - Jack Eichel (CHI)
2 - Kyle Okposo (CHI)
3 - Adam McQuaid (CHI)

Power Play

BlackHawks - 2 on 6 Attempt(s) - 33.33%
RedWings - 2 on 4 Attempt(s) - 50.00%

Penalty Kill

BlackHawks - 2 on 4 Attempt(s) - 50.00% - Score 0 goal in Penalty Kill
RedWings - 4 on 6 Attempt(s) - 66.67% - Score 0 goal in Penalty Kill

Team Stat

BlackHawks - Hits : 29 - Faceoff Wins : 59 - Blocked Shots : 4 - Penalty Minutes : 10
RedWings - Hits : 21 - Faceoff Wins : 52 - Blocked Shots : 13 - Penalty Minutes : 14

Official

Referees : Eric Furlatt and Kelly Sutherland
Linesman : Lonnie Cameron and Mike Cvik

Game Notes

David Pastrnak is injured at 7:09 of 3rd period (Groin)

% Time on Ice - BlackHawks

Lines # - Real PCT - Wanted PCT - Time Play
Normal Forward
1 - 24% - 25% - 10:53
2 - 27% - 25% - 12:09
3 - 25% - 25% - 11:08
4 - 24% - 25% - 10:50
Normal Defense
1 - 34% - 34% - 15:12
2 - 34% - 33% - 15:14
3 - 32% - 33% - 14:19
4 - 1% - 0% - 0:15
PP Forward
1 - 69% - 55% - 5:20
2 - 31% - 45% - 2:24
PP Defense
1 - 62% - 55% - 4:49
2 - 38% - 45% - 2:55
PK Forward
1 - 64% - 55% - 3:20
2 - 36% - 45% - 1:54
PK Defense
1 - 49% - 50% - 2:34
2 - 51% - 50% - 2:40
PK3 Forward
1 - 0% - 50%
2 - 0% - 50%
PK3 Defense
1 - 0% - 55%
2 - 0% - 45%
44 Forward
1 - 35% - 55% - 0:43
2 - 65% - 45% - 1:19
44 Defense
1 - 25% - 55% - 0:31
2 - 75% - 45% - 1:31
Last Minute Offensive  - 0:00
Last Minute Defensive  - 0:00
Total
Forward - 60:00
Defense - 60:00

% Time on Ice - RedWings

Lines # - Real PCT - Wanted PCT - Time Play
Normal Forward
1 - 32% - 40% - 14:25
2 - 32% - 30% - 14:20
3 - 29% - 20% - 12:52
4 - 8% - 10% - 3:23
Normal Defense
1 - 35% - 40% - 15:43
2 - 34% - 30% - 15:27
3 - 30% - 20% - 13:33
4 - 1% - 10% - 0:17
PP Forward
1 - 53% - 60% - 2:45
2 - 47% - 40% - 2:29
PP Defense
1 - 68% - 60% - 3:34
2 - 32% - 40% - 1:40
PK Forward
1 - 77% - 60% - 5:58
2 - 23% - 40% - 1:46
PK Defense
1 - 54% - 60% - 4:09
2 - 46% - 40% - 3:35
PK3 Forward
1 - 93% - 60% - 0:51
2 - 7% - 40% - 0:04
PK3 Defense
1 - 7% - 60% - 0:04
2 - 93% - 40% - 0:51
44 Forward
1 - 85% - 60% - 0:57
2 - 15% - 40% - 0:10
44 Defense
1 - 85% - 60% - 0:57
2 - 15% - 40% - 0:10
Last Minute Offensive  - 0:00
Last Minute Defensive  - 0:00
Total
Forward - 60:00
Defense - 60:00

Play by Play

1st period


0:01 of 1st period - Sam Gagner wins face-off versus Jack Eichel in neutral zone.
0:48 of 1st period - Shot by Andrew Cogliano.
0:48 of 1st period - Shot Misses the Net.
0:50 of 1st period - Shot by Andrew Cogliano.
0:50 of 1st period - Shot Misses the Net.
0:55 of 1st period - Icing by Artemi Panarin.
0:56 of 1st period - Jack Eichel wins face-off versus Jonathan Drouin in BlackHawks zone.
1:09 of 1st period - Shot by Loui Eriksson.
1:09 of 1st period - Shot Misses the Net.
1:11 of 1st period - Shot by Jonathan Drouin.
1:11 of 1st period - Stopped by Sergei Bobrovsky with a rebound.
1:13 of 1st period - Shot by Jonathan Drouin.
1:13 of 1st period - Shot Misses the Net.
1:15 of 1st period - Shot by Thomas Hickey.
1:15 of 1st period - Stopped by Sergei Bobrovsky with a rebound.
1:17 of 1st period - Shot by Loui Eriksson.
1:17 of 1st period - Stopped by Sergei Bobrovsky without a rebound.
1:18 of 1st period - Alex Galchenyuk wins face-off versus Erik Haula in BlackHawks zone.
1:41 of 1st period - Shot by David Pastrnak.
1:41 of 1st period - Shot Misses the Net.
1:58 of 1st period - David Pastrnak is hit by Gabriel Landeskog.
2:19 of 1st period - Icing by Radim Vrbata.
2:20 of 1st period - Tyler Toffoli wins face-off versus Radim Vrbata in BlackHawks zone.
2:46 of 1st period - Jonathan Drouin is hit by Andrew Shaw and loses puck.
2:57 of 1st period - Jason Chimera is hit by Eric Gryba and loses puck.
3:44 of 1st period - Shot by Filip Forsberg.
3:44 of 1st period - Stopped by Sergei Bobrovsky without a rebound.
3:45 of 1st period - Erik Haula wins face-off versus Jack Eichel in BlackHawks zone.
3:46 of 1st period - Shot by David Pastrnak.
3:46 of 1st period - Stopped by Sergei Bobrovsky without a rebound.
3:47 of 1st period - Erik Haula wins face-off versus Artemi Panarin in BlackHawks zone.
4:01 of 1st period - Shot by Andrew Cogliano.
4:01 of 1st period - Stopped by Sergei Bobrovsky without a rebound.
4:02 of 1st period - Jay Beagle wins face-off versus Tyler Toffoli in BlackHawks zone.
4:37 of 1st period - Shot by Loui Eriksson.
4:37 of 1st period - Stopped by Sergei Bobrovsky without a rebound.
4:38 of 1st period - Sam Gagner wins face-off versus Andrew Shaw in BlackHawks zone.
4:50 of 1st period - Shot by David Backes.
4:50 of 1st period - Stopped by Roberto Luongo without a rebound.
4:51 of 1st period - Erik Haula wins face-off versus Alex Galchenyuk in RedWings zone.
4:57 of 1st period - Minor Penalty to Erik Haula for Hooking.
4:58 of 1st period - Jack Eichel wins face-off versus Tyler Toffoli in RedWings zone.
5:07 of 1st period - Shot by Kyle Okposo.
5:07 of 1st period - Shot Misses the Net.
5:09 of 1st period - Shot by Kevan Miller.
5:09 of 1st period - Stopped by Roberto Luongo with a rebound.
5:11 of 1st period - Shot by Kevan Miller.
5:11 of 1st period - Stopped by Roberto Luongo without a rebound.
5:12 of 1st period - Alex Galchenyuk wins face-off versus Tyler Toffoli in RedWings zone.
5:15 of 1st period - Shot by Gabriel Landeskog.
5:15 of 1st period - Deflect By Alex Galchenyuk.
5:15 of 1st period - Stopped by Roberto Luongo with a rebound.
5:17 of 1st period - Shot by Alex Galchenyuk.
5:17 of 1st period - Stopped by Roberto Luongo with a rebound.
5:19 of 1st period - Shot by Dion Phaneuf.
5:19 of 1st period - Stopped by Roberto Luongo without a rebound.
5:20 of 1st period - Jack Eichel wins face-off versus Tyler Toffoli in RedWings zone.
5:41 of 1st period - Shot by Jack Eichel.
5:41 of 1st period - Deflect By Artemi Panarin.
5:41 of 1st period - Stopped by Roberto Luongo without a rebound.
5:42 of 1st period - Sam Gagner wins face-off versus Gabriel Landeskog in RedWings zone.
5:42 of 1st period - Sam Gagner is hit by Gabriel Landeskog.
6:07 of 1st period - Icing by Gabriel Landeskog.
6:08 of 1st period - Sam Gagner wins face-off versus Alex Galchenyuk in BlackHawks zone.
6:17 of 1st period - Off-side.
6:18 of 1st period - Jack Eichel wins face-off versus Tyler Toffoli in neutral zone.
7:38 of 1st period - Icing by Adam McQuaid.
7:39 of 1st period - Erik Haula wins face-off versus Andrew Shaw in BlackHawks zone.
7:59 of 1st period - Paul Martin is hit by Kevan Miller and loses puck.
8:03 of 1st period - Icing by Jay Beagle.
8:04 of 1st period - Trevor Lewis wins face-off versus Tyler Toffoli in BlackHawks zone.
8:04 of 1st period - Trevor Lewis is hit by Tyler Toffoli.
8:15 of 1st period - Trevor Lewis is hit by Ben Lovejoy and loses puck.
8:21 of 1st period - Minor Penalty to Ben Lovejoy for Hooking.
8:22 of 1st period - Jack Eichel wins face-off versus Tyler Toffoli in RedWings zone.
9:17 of 1st period - Shot by Aaron Ekblad.
9:17 of 1st period - Shot Blocked by Paul Martin.
9:19 of 1st period - Shot by Aaron Ekblad.
9:19 of 1st period - Stopped by Roberto Luongo with a rebound.
9:21 of 1st period - Shot by Kevan Miller.
9:21 of 1st period - Shot Blocked by Paul Martin.
9:23 of 1st period - Shot by Gabriel Landeskog.
9:23 of 1st period - Stopped by Roberto Luongo without a rebound.
9:24 of 1st period - Sam Gagner wins face-off versus Alex Galchenyuk in RedWings zone.
9:24 of 1st period - Sam Gagner is hit by Gabriel Landeskog.
9:25 of 1st period - Minor Penalty to Thomas Hickey for Interference.
9:25 of 1st period - Minor Penalty to Alex Galchenyuk for Hooking.
9:26 of 1st period - Jonathan Drouin wins face-off versus Jack Eichel in RedWings zone.
10:05 of 1st period - Jeff Petry is hit by Eric Gryba and loses puck.
10:30 of 1st period - Off-side.
10:31 of 1st period - Jack Eichel wins face-off versus Erik Haula in neutral zone.
10:36 of 1st period - Shot by Jack Eichel.
10:36 of 1st period - Deflect By Artemi Panarin.
10:36 of 1st period - Stopped by Roberto Luongo without a rebound.
10:37 of 1st period - Andrew Shaw wins face-off versus Erik Haula in RedWings zone.
11:10 of 1st period - Shot by Filip Forsberg.
11:10 of 1st period - Shot Misses the Net.
11:25 of 1st period - David Pastrnak is hit by Kevan Miller and loses puck.
11:56 of 1st period - Shot by Alex Galchenyuk.
11:56 of 1st period - Stopped by Roberto Luongo without a rebound.
11:57 of 1st period - Jay Beagle wins face-off versus Tyler Toffoli in RedWings zone.
12:00 of 1st period - Shot by Antoine Roussel.
12:00 of 1st period - Stopped by Roberto Luongo without a rebound.
12:01 of 1st period - Tyler Toffoli wins face-off versus Antoine Roussel in RedWings zone.
12:19 of 1st period - Shot by Loui Eriksson.
12:19 of 1st period - Shot Misses the Net.
12:27 of 1st period - Shot by Loui Eriksson.
12:27 of 1st period - Stopped by Sergei Bobrovsky without a rebound.
12:28 of 1st period - Sam Gagner wins face-off versus Alex Galchenyuk in BlackHawks zone.
12:29 of 1st period - Shot by Filip Forsberg.
12:29 of 1st period - Stopped by Sergei Bobrovsky without a rebound.
12:30 of 1st period - Sam Gagner wins face-off versus Alex Galchenyuk in BlackHawks zone.
12:41 of 1st period - Shot by Gabriel Landeskog.
12:41 of 1st period - Shot Blocked by Paul Martin.
12:43 of 1st period - Shot by Alex Galchenyuk.
12:43 of 1st period - Shot Misses the Net.
12:56 of 1st period - Shot by Gabriel Landeskog.
12:56 of 1st period - Stopped by Roberto Luongo without a rebound.
12:56 of 1st period - Minor Penalty to Dennis Seidenberg for Hooking.
12:57 of 1st period - Tyler Toffoli wins face-off versus Jack Eichel in RedWings zone.
13:03 of 1st period - Icing by Jack Eichel.
13:04 of 1st period - Tyler Toffoli wins face-off versus Jack Eichel in BlackHawks zone.
13:12 of 1st period - Icing by Kyle Okposo.
13:13 of 1st period - Jack Eichel wins face-off versus Tyler Toffoli in BlackHawks zone.
13:32 of 1st period - Shot by Jack Eichel.
13:32 of 1st period - Goal by Jack Eichel - BlackHawks : 1 - RedWings : 0.
13:33 of 1st period - Andrew Shaw wins face-off versus Erik Haula in neutral zone.
13:46 of 1st period - Shot by David Backes.
13:46 of 1st period - Shot Misses the Net.
14:02 of 1st period - Shot by David Backes.
14:02 of 1st period - Stopped by Roberto Luongo without a rebound.
14:03 of 1st period - Jack Eichel wins face-off versus Sam Gagner in RedWings zone.
14:04 of 1st period - Shot by Artemi Panarin.
14:04 of 1st period - Stopped by Roberto Luongo without a rebound.
14:05 of 1st period - Jack Eichel wins face-off versus Sam Gagner in RedWings zone.
14:08 of 1st period - Shot by Artemi Panarin.
14:08 of 1st period - Stopped by Roberto Luongo without a rebound.
14:09 of 1st period - Jack Eichel wins face-off versus Sam Gagner in RedWings zone.
14:09 of 1st period - Jack Eichel is hit by Dennis Seidenberg.
14:12 of 1st period - Artemi Panarin is hit by Dennis Seidenberg and loses puck.
15:33 of 1st period - Shot by Antoine Roussel.
15:33 of 1st period - Shot Blocked by Kris Russell.
15:35 of 1st period - Shot by Adam McQuaid.
15:35 of 1st period - Stopped by Roberto Luongo without a rebound.
15:36 of 1st period - Alex Galchenyuk wins face-off versus Tyler Toffoli in RedWings zone.
15:51 of 1st period - Tyler Toffoli is hit by Dion Phaneuf and loses puck.
16:22 of 1st period - Eric Gryba is hit by Gabriel Landeskog.
16:37 of 1st period - Icing by Adam McQuaid.
16:38 of 1st period - Erik Haula wins face-off versus Andrew Shaw in BlackHawks zone.
16:46 of 1st period - Icing by Aaron Ekblad.
16:47 of 1st period - Andrew Shaw wins face-off versus David Pastrnak in BlackHawks zone.
16:47 of 1st period - Andrew Shaw is hit by Erik Haula.
17:03 of 1st period - Shot by David Backes.
17:03 of 1st period - Goal by David Backes - BlackHawks : 2 - RedWings : 0.
17:04 of 1st period - Sam Gagner wins face-off versus Jack Eichel in neutral zone.
17:27 of 1st period - Shot by Kyle Okposo.
17:27 of 1st period - Stopped by Roberto Luongo without a rebound.
17:28 of 1st period - Jay Beagle wins face-off versus Erik Haula in RedWings zone.
17:28 of 1st period - Jay Beagle is hit by Ben Lovejoy.
18:49 of 1st period - Shot by Tyler Toffoli.
18:49 of 1st period - Shot Hit the Post.
19:12 of 1st period - Icing by Eric Gryba.
19:13 of 1st period - Andrew Shaw wins face-off versus Sam Gagner in RedWings zone.
19:13 of 1st period - Minor Penalty to Eric Gryba for Interference.
19:14 of 1st period - Tyler Toffoli wins face-off versus Jack Eichel in RedWings zone.
19:37 of 1st period - Shot by Artemi Panarin.
19:37 of 1st period - Stopped by Roberto Luongo with a rebound.
19:39 of 1st period - Shot by Aaron Ekblad.
19:39 of 1st period - Stopped by Roberto Luongo without a rebound.
19:40 of 1st period - Alex Galchenyuk wins face-off versus David Pastrnak in RedWings zone.
19:49 of 1st period - Shot by Gabriel Landeskog.
19:49 of 1st period - Stopped by Roberto Luongo without a rebound.
19:50 of 1st period - Alex Galchenyuk wins face-off versus Tyler Toffoli in RedWings zone.
Goals for this period are 2 for BlackHawks vs 0 for RedWings.
Shots for this period are 23 for BlackHawks vs 9 for RedWings.

2nd period


0:01 of 2nd period - Jack Eichel wins face-off versus Tyler Toffoli in neutral zone.
0:28 of 2nd period - Shot by Kyle Okposo.
0:28 of 2nd period - Stopped by Roberto Luongo without a rebound.
0:29 of 2nd period - Sam Gagner wins face-off versus Alex Galchenyuk in RedWings zone.
0:44 of 2nd period - Shot by Gabriel Landeskog.
0:44 of 2nd period - Deflect By Radim Vrbata.
0:44 of 2nd period - Stopped by Roberto Luongo without a rebound.
0:45 of 2nd period - Tyler Toffoli wins face-off versus Jack Eichel in RedWings zone.
1:09 of 2nd period - Minor Penalty to Jeff Petry for Holding.
1:10 of 2nd period - Erik Haula wins face-off versus Artemi Panarin in BlackHawks zone.
1:15 of 2nd period - Shot by Paul Martin.
1:15 of 2nd period - Shot Misses the Net.
1:17 of 2nd period - Shot by Erik Haula.
1:17 of 2nd period - Deflect By Andrew Cogliano.
1:17 of 2nd period - Stopped by Sergei Bobrovsky without a rebound.
1:18 of 2nd period - Erik Haula wins face-off versus Jay Beagle in BlackHawks zone.
2:25 of 2nd period - Shot by Sven Andrighetto.
2:25 of 2nd period - Stopped by Sergei Bobrovsky without a rebound.
2:26 of 2nd period - Trevor Lewis wins face-off versus Tyler Toffoli in BlackHawks zone.
2:41 of 2nd period - Shot by David Backes.
2:41 of 2nd period - Stopped by Roberto Luongo without a rebound.
2:42 of 2nd period - Jay Beagle wins face-off versus Tyler Toffoli in RedWings zone.
3:08 of 2nd period - Shot by Jonathan Drouin.
3:08 of 2nd period - Shot Misses the Net.
3:10 of 2nd period - Shot by Ben Lovejoy.
3:10 of 2nd period - Deflect By Filip Forsberg.
3:10 of 2nd period - Stopped by Sergei Bobrovsky without a rebound.
3:11 of 2nd period - Sam Gagner wins face-off versus Jack Eichel in BlackHawks zone.
3:12 of 2nd period - Shot by Filip Forsberg.
3:12 of 2nd period - Stopped by Sergei Bobrovsky without a rebound.
3:13 of 2nd period - Andrew Shaw wins face-off versus Sam Gagner in BlackHawks zone.
4:32 of 2nd period - Erik Haula is hit by Adam McQuaid and loses puck.
5:22 of 2nd period - Shot by Jonathan Drouin.
5:22 of 2nd period - Stopped by Sergei Bobrovsky without a rebound.
5:23 of 2nd period - Sean Monahan wins face-off versus Jack Eichel in BlackHawks zone.
5:36 of 2nd period - Shot by Jack Eichel.
5:36 of 2nd period - Shot Misses the Net.
5:42 of 2nd period - Shot by Kyle Okposo.
5:42 of 2nd period - Stopped by Roberto Luongo without a rebound.
5:43 of 2nd period - Andrew Shaw wins face-off versus Tyler Toffoli in RedWings zone.
5:51 of 2nd period - Shot by Jason Chimera.
5:51 of 2nd period - Stopped by Roberto Luongo without a rebound.
5:52 of 2nd period - Jack Eichel wins face-off versus Erik Haula in RedWings zone.
6:09 of 2nd period - Shot by Kyle Okposo.
6:09 of 2nd period - Shot Blocked by Eric Gryba.
6:11 of 2nd period - Shot by Jeff Petry.
6:11 of 2nd period - Deflect By Artemi Panarin.
6:11 of 2nd period - Stopped by Roberto Luongo without a rebound.
6:12 of 2nd period - Jason Chimera wins face-off versus Tyler Toffoli in RedWings zone.
6:23 of 2nd period - Shot by Tyler Toffoli.
6:23 of 2nd period - Stopped by Sergei Bobrovsky without a rebound.
6:24 of 2nd period - Jack Eichel wins face-off versus Sam Gagner in BlackHawks zone.
6:28 of 2nd period - Kyle Okposo is hit by Ben Lovejoy and loses puck.
6:47 of 2nd period - Shot by Sam Gagner.
6:47 of 2nd period - Shot Misses the Net.
7:06 of 2nd period - Icing by Dion Phaneuf.
7:07 of 2nd period - Jack Eichel wins face-off versus Andrew Cogliano in BlackHawks zone.
7:25 of 2nd period - Off-side.
7:26 of 2nd period - Andrew Shaw wins face-off versus Jonathan Drouin in neutral zone.
7:26 of 2nd period - Andrew Shaw is hit by Tyler Toffoli.
7:52 of 2nd period - Shot by Jason Chimera.
7:52 of 2nd period - Stopped by Roberto Luongo without a rebound.
7:53 of 2nd period - Erik Haula wins face-off versus Jay Beagle in RedWings zone.
7:53 of 2nd period - Erik Haula is hit by Trevor Lewis.
8:00 of 2nd period - Icing by Dennis Seidenberg.
8:01 of 2nd period - Alex Galchenyuk wins face-off versus Erik Haula in RedWings zone.
8:08 of 2nd period - Shot by Radim Vrbata.
8:08 of 2nd period - Shot Blocked by Dennis Seidenberg.
8:17 of 2nd period - Off-side.
8:18 of 2nd period - Jay Beagle wins face-off versus Sam Gagner in neutral zone.
8:28 of 2nd period - Shot by Trevor Lewis.
8:28 of 2nd period - Shot Blocked by Kris Russell.
8:55 of 2nd period - Minor Penalty to Ryan Hartman for Slashing.
8:56 of 2nd period - Jack Eichel wins face-off versus Tyler Toffoli in RedWings zone.
9:05 of 2nd period - Shot by Kyle Okposo.
9:05 of 2nd period - Goal by Kyle Okposo - BlackHawks : 3 - RedWings : 0.
9:06 of 2nd period - Andrew Shaw wins face-off versus Andrew Cogliano in neutral zone.
9:11 of 2nd period - Shot by David Backes.
9:11 of 2nd period - Stopped by Roberto Luongo without a rebound.
9:12 of 2nd period - Erik Haula wins face-off versus Andrew Shaw in RedWings zone.
9:35 of 2nd period - Paul Martin is hit by Andrew Shaw and loses puck.
10:50 of 2nd period - Icing by Kyle Okposo.
10:51 of 2nd period - Jack Eichel wins face-off versus Tyler Toffoli in BlackHawks zone.
10:51 of 2nd period - Jack Eichel is hit by Loui Eriksson.
11:06 of 2nd period - Icing by Brady Austin.
11:07 of 2nd period - Jack Eichel wins face-off versus Filip Forsberg in BlackHawks zone.
11:53 of 2nd period - Shot by Gabriel Landeskog.
11:53 of 2nd period - Stopped by Roberto Luongo with a rebound.
11:55 of 2nd period - Shot by Jeff Petry.
11:55 of 2nd period - Shot Blocked by Ben Lovejoy.
11:57 of 2nd period - Shot by Jeff Petry.
11:57 of 2nd period - Stopped by Roberto Luongo without a rebound.
11:58 of 2nd period - Jay Beagle wins face-off versus Tyler Toffoli in RedWings zone.
11:59 of 2nd period - Shot by Trevor Lewis.
11:59 of 2nd period - Stopped by Roberto Luongo with a rebound.
12:25 of 2nd period - Shot by Jonathan Drouin.
12:25 of 2nd period - Shot Misses the Net.
12:27 of 2nd period - Shot by Loui Eriksson.
12:27 of 2nd period - Shot Misses the Net.
13:08 of 2nd period - Icing by Dennis Seidenberg.
13:09 of 2nd period - Sean Monahan wins face-off versus Alex Galchenyuk in RedWings zone.
13:26 of 2nd period - Shot by David Pastrnak.
13:26 of 2nd period - Shot Blocked by Dion Phaneuf.
13:32 of 2nd period - Shot by Andrew Cogliano.
13:32 of 2nd period - Stopped by Sergei Bobrovsky without a rebound.
13:33 of 2nd period - Andrew Shaw wins face-off versus Tyler Toffoli in BlackHawks zone.
14:06 of 2nd period - Shot by Jason Chimera.
14:06 of 2nd period - Stopped by Roberto Luongo without a rebound.
14:07 of 2nd period - Erik Haula wins face-off versus Alex Galchenyuk in RedWings zone.
14:07 of 2nd period - Erik Haula is hit by Gabriel Landeskog.
15:16 of 2nd period - Icing by Dennis Seidenberg.
15:17 of 2nd period - Sam Gagner wins face-off versus Jay Beagle in RedWings zone.
15:17 of 2nd period - Sam Gagner is hit by Antoine Roussel.
15:20 of 2nd period - Dennis Seidenberg is hit by Antoine Roussel and loses puck.
15:25 of 2nd period - Dennis Seidenberg is hit by Trevor Lewis and loses puck.
15:50 of 2nd period - Icing by Aaron Ekblad.
15:51 of 2nd period - Erik Haula wins face-off versus Jay Beagle in BlackHawks zone.
16:12 of 2nd period - Icing by Trevor Lewis.
16:13 of 2nd period - Jay Beagle wins face-off versus Tyler Toffoli in BlackHawks zone.
16:13 of 2nd period - Antoine Roussel is hit by Loui Eriksson and loses puck.
16:21 of 2nd period - Aaron Ekblad is hit by Ben Lovejoy and loses puck.
16:35 of 2nd period - Minor Penalty to Tyler Toffoli for Tripping.
16:36 of 2nd period - Loui Eriksson wins face-off versus Jack Eichel in RedWings zone.
16:36 of 2nd period - Loui Eriksson is hit by Kyle Okposo.
16:49 of 2nd period - Shot by Jack Eichel.
16:49 of 2nd period - Shot Blocked by Dennis Seidenberg.
16:51 of 2nd period - Shot by Jack Eichel.
16:51 of 2nd period - Shot Blocked by Dennis Seidenberg.
16:53 of 2nd period - Shot by Dion Phaneuf.
16:53 of 2nd period - Shot Blocked by Dennis Seidenberg.
16:55 of 2nd period - Shot by Dion Phaneuf.
16:55 of 2nd period - Stopped by Roberto Luongo without a rebound.
16:56 of 2nd period - Gabriel Landeskog wins face-off versus Erik Haula in RedWings zone.
17:05 of 2nd period - Shot by Alex Galchenyuk.
17:05 of 2nd period - Shot Misses the Net.
17:40 of 2nd period - Paul Martin is hit by Gabriel Landeskog and loses puck.
17:51 of 2nd period - Dennis Seidenberg is hit by Kyle Okposo and loses puck.
18:28 of 2nd period - Icing by Kevan Miller.
18:29 of 2nd period - Jack Eichel wins face-off versus Erik Haula in BlackHawks zone.
19:20 of 2nd period - Minor Penalty to Trevor Lewis for Holding.
19:21 of 2nd period - Jay Beagle wins face-off versus Erik Haula in BlackHawks zone.
19:29 of 2nd period - Icing by Andrew Cogliano.
19:30 of 2nd period - Jay Beagle wins face-off versus Erik Haula in RedWings zone.
19:48 of 2nd period - Shot by Erik Haula.
19:48 of 2nd period - Stopped by Sergei Bobrovsky with a rebound.
19:50 of 2nd period - Shot by Paul Martin.
19:50 of 2nd period - Shot Misses the Net.
19:52 of 2nd period - Shot by Dennis Seidenberg.
19:52 of 2nd period - Goal by Dennis Seidenberg - BlackHawks : 3 - RedWings : 1.
19:53 of 2nd period - Tyler Toffoli wins face-off versus Jack Eichel in neutral zone.
19:59 of 2nd period - Tyler Toffoli is hit by Dion Phaneuf and loses puck.
Goals for this period are 1 for BlackHawks vs 1 for RedWings.
Shots for this period are 14 for BlackHawks vs 9 for RedWings.

3rd period


0:01 of 3rd period - Sam Gagner wins face-off versus Jack Eichel in neutral zone.
0:04 of 3rd period - Shot by Dennis Seidenberg.
0:04 of 3rd period - Shot Blocked by Brady Austin.
0:10 of 3rd period - Shot by Filip Forsberg.
0:10 of 3rd period - Stopped by Sergei Bobrovsky without a rebound.
0:11 of 3rd period - Alex Galchenyuk wins face-off versus David Pastrnak in BlackHawks zone.
0:16 of 3rd period - Shot by Gabriel Landeskog.
0:16 of 3rd period - Shot Blocked by Kris Russell.
0:24 of 3rd period - Shot by Gabriel Landeskog.
0:24 of 3rd period - Stopped by Roberto Luongo without a rebound.
0:25 of 3rd period - Sam Gagner wins face-off versus Jack Eichel in RedWings zone.
0:25 of 3rd period - Sam Gagner is hit by Kyle Okposo.
0:30 of 3rd period - Minor Penalty to Jack Eichel for Roughing.
0:31 of 3rd period - Jay Beagle wins face-off versus Tyler Toffoli in BlackHawks zone.
0:37 of 3rd period - Icing by Paul Martin.
0:38 of 3rd period - Jay Beagle wins face-off versus Tyler Toffoli in RedWings zone.
1:02 of 3rd period - Shot by Aaron Ekblad.
1:02 of 3rd period - Shot Misses the Net.
1:40 of 3rd period - Shot by Erik Haula.
1:40 of 3rd period - Stopped by Sergei Bobrovsky without a rebound.
1:41 of 3rd period - Erik Haula wins face-off versus Trevor Lewis in BlackHawks zone.
1:50 of 3rd period - Shot by Andrew Cogliano.
1:50 of 3rd period - Shot Misses the Net.
2:04 of 3rd period - Shot by Andrew Cogliano.
2:04 of 3rd period - Stopped by Sergei Bobrovsky without a rebound.
2:05 of 3rd period - Jay Beagle wins face-off versus Tyler Toffoli in BlackHawks zone.
2:40 of 3rd period - Off-side.
2:41 of 3rd period - Jack Eichel wins face-off versus Sam Gagner in neutral zone.
2:44 of 3rd period - Filip Forsberg is hit by Kyle Okposo and loses puck.
2:51 of 3rd period - Artemi Panarin is hit by Ryan Hartman and loses puck.
3:48 of 3rd period - Shot by Andrew Shaw.
3:48 of 3rd period - Shot Blocked by Kris Russell.
3:50 of 3rd period - Shot by David Backes.
3:50 of 3rd period - Stopped by Roberto Luongo without a rebound.
3:51 of 3rd period - Jay Beagle wins face-off versus Tyler Toffoli in RedWings zone.
4:18 of 3rd period - Loui Eriksson is hit by Jay Beagle.
4:24 of 3rd period - Shot by Antoine Roussel.
4:24 of 3rd period - Stopped by Roberto Luongo without a rebound.
4:25 of 3rd period - Sam Gagner wins face-off versus Andrew Shaw in RedWings zone.
4:46 of 3rd period - Shot by Jason Chimera.
4:46 of 3rd period - Shot Misses the Net.
4:48 of 3rd period - Shot by Adam McQuaid.
4:48 of 3rd period - Stopped by Roberto Luongo without a rebound.
4:49 of 3rd period - Alex Galchenyuk wins face-off versus Erik Haula in RedWings zone.
4:56 of 3rd period - David Pastrnak is hit by Dion Phaneuf and loses puck.
5:01 of 3rd period - Shot by David Pastrnak.
5:01 of 3rd period - Shot Hit the Post.
5:09 of 3rd period - Shot by Erik Haula.
5:09 of 3rd period - Shot Misses the Net.
5:11 of 3rd period - Shot by Ben Lovejoy.
5:11 of 3rd period - Stopped by Sergei Bobrovsky without a rebound.
5:12 of 3rd period - Tyler Toffoli wins face-off versus Jack Eichel in BlackHawks zone.
6:58 of 3rd period - Gabriel Landeskog is hit by Eric Gryba.
7:02 of 3rd period - Shot by Alex Galchenyuk.
7:02 of 3rd period - Stopped by Roberto Luongo without a rebound.
7:03 of 3rd period - Erik Haula wins face-off versus Jay Beagle in RedWings zone.
7:03 of 3rd period - Erik Haula is hit by Antoine Roussel.
7:08 of 3rd period - David Pastrnak is hit by Adam McQuaid and loses puck.
7:09 of 3rd period - David Pastrnak from RedWings is injured at 7:09 of 3rd period (Groin).
7:10 of 3rd period - Jay Beagle wins face-off versus Erik Haula in BlackHawks zone.
7:10 of 3rd period - Jay Beagle is hit by Micheal Ferland.
7:37 of 3rd period - Jay Beagle is hit by Eric Gryba.
8:07 of 3rd period - Icing by Erik Haula.
8:08 of 3rd period - Andrew Shaw wins face-off versus Erik Haula in RedWings zone.
8:08 of 3rd period - Andrew Shaw is hit by Eric Gryba.
8:29 of 3rd period - Shot by Jason Chimera.
8:29 of 3rd period - Stopped by Roberto Luongo without a rebound.
8:30 of 3rd period - Sam Gagner wins face-off versus Alex Galchenyuk in RedWings zone.
8:39 of 3rd period - Shot by Filip Forsberg.
8:39 of 3rd period - Shot Misses the Net.
8:59 of 3rd period - Shot by Filip Forsberg.
8:59 of 3rd period - Stopped by Sergei Bobrovsky without a rebound.
9:00 of 3rd period - Tyler Toffoli wins face-off versus Jack Eichel in BlackHawks zone.
9:25 of 3rd period - Kris Russell is hit by Adam McQuaid and loses puck.
9:34 of 3rd period - Shot by Jack Eichel.
9:34 of 3rd period - Goal by Jack Eichel - BlackHawks : 4 - RedWings : 1.
9:35 of 3rd period - Andrew Shaw wins face-off versus Sam Gagner in neutral zone.
10:42 of 3rd period - Shot by Jonathan Drouin.
10:42 of 3rd period - Shot Misses the Net.
11:16 of 3rd period - Shot by Andrew Cogliano.
11:16 of 3rd period - Shot Misses the Net.
11:20 of 3rd period - Shot by Erik Haula.
11:20 of 3rd period - Deflect By Andrew Cogliano.
11:20 of 3rd period - Shot Blocked by Kevan Miller.
11:25 of 3rd period - Icing by Brady Austin.
11:26 of 3rd period - Sean Monahan wins face-off versus Jay Beagle in BlackHawks zone.
11:33 of 3rd period - Shot by Sven Andrighetto.
11:33 of 3rd period - Shot Misses the Net.
11:35 of 3rd period - Shot by Sean Monahan.
11:35 of 3rd period - Stopped by Sergei Bobrovsky without a rebound.
11:36 of 3rd period - Erik Haula wins face-off versus Alex Galchenyuk in BlackHawks zone.
11:45 of 3rd period - Shot by Andrew Cogliano.
11:45 of 3rd period - Shot Blocked by Adam McQuaid.
12:17 of 3rd period - Gabriel Landeskog is hit by Micheal Ferland and loses puck.
12:43 of 3rd period - Shot by Jonathan Drouin.
12:43 of 3rd period - Shot Misses the Net.
12:45 of 3rd period - Shot by Tyler Toffoli.
12:45 of 3rd period - Shot Misses the Net.
12:47 of 3rd period - Shot by Paul Martin.
12:47 of 3rd period - Shot Misses the Net.
12:49 of 3rd period - Shot by Tyler Toffoli.
12:49 of 3rd period - Stopped by Sergei Bobrovsky without a rebound.
12:50 of 3rd period - Sam Gagner wins face-off versus Jack Eichel in BlackHawks zone.
13:01 of 3rd period - Shot by Sam Gagner.
13:01 of 3rd period - Shot Misses the Net.
13:33 of 3rd period - Minor Penalty to Kevan Miller for Holding Stick.
13:34 of 3rd period - Sven Andrighetto wins face-off versus Jay Beagle in BlackHawks zone.
13:34 of 3rd period - Sven Andrighetto is hit by Jeff Petry.
13:58 of 3rd period - Shot by Sven Andrighetto.
13:58 of 3rd period - Shot Misses the Net.
14:00 of 3rd period - Shot by Tyler Toffoli.
14:00 of 3rd period - Stopped by Sergei Bobrovsky without a rebound.
14:01 of 3rd period - Erik Haula wins face-off versus Antoine Roussel in BlackHawks zone.
14:18 of 3rd period - Shot by Ben Lovejoy.
14:18 of 3rd period - Shot Hit the Post.
14:20 of 3rd period - Shot by Thomas Hickey.
14:20 of 3rd period - Goal by Thomas Hickey - BlackHawks : 4 - RedWings : 2.
14:21 of 3rd period - Sam Gagner wins face-off versus Jack Eichel in neutral zone.
14:35 of 3rd period - Icing by Jeff Petry.
14:36 of 3rd period - Jack Eichel wins face-off versus Jonathan Drouin in BlackHawks zone.
15:22 of 3rd period - Off-side.
15:23 of 3rd period - Sam Gagner wins face-off versus Jay Beagle in neutral zone.
15:43 of 3rd period - Off-side.
15:44 of 3rd period - Erik Haula wins face-off versus Alex Galchenyuk in neutral zone.
16:14 of 3rd period - Shot by Andrew Cogliano.
16:14 of 3rd period - Shot Misses the Net.
16:16 of 3rd period - Shot by Ben Lovejoy.
16:16 of 3rd period - Deflect By Andrew Cogliano.
16:16 of 3rd period - Stopped by Sergei Bobrovsky without a rebound.
16:17 of 3rd period - Sam Gagner wins face-off versus Jay Beagle in BlackHawks zone.
16:29 of 3rd period - Antoine Roussel is hit by Dennis Seidenberg and loses puck.
17:39 of 3rd period - Icing by Dennis Seidenberg.
17:40 of 3rd period - Radim Vrbata wins face-off versus Sam Gagner in RedWings zone.
17:45 of 3rd period - Shot by Radim Vrbata.
17:45 of 3rd period - Stopped by Roberto Luongo without a rebound.
17:46 of 3rd period - Alex Galchenyuk wins face-off versus Micheal Ferland in RedWings zone.
17:47 of 3rd period - Shot by Radim Vrbata.
17:47 of 3rd period - Deflect By Alex Galchenyuk.
17:47 of 3rd period - Stopped by Roberto Luongo with a rebound.
17:49 of 3rd period - Shot by Adam McQuaid.
17:49 of 3rd period - Stopped by Roberto Luongo without a rebound.
17:50 of 3rd period - Erik Haula wins face-off versus Jay Beagle in RedWings zone.
17:52 of 3rd period - Andrew Cogliano is hit by Trevor Lewis and loses puck.
17:57 of 3rd period - Antoine Roussel is hit by Micheal Ferland and loses puck.
18:12 of 3rd period - Shot by Micheal Ferland.
18:12 of 3rd period - Shot Misses the Net.
18:16 of 3rd period - Shot by Andrew Cogliano.
18:16 of 3rd period - Deflect By Erik Haula.
18:16 of 3rd period - Stopped by Sergei Bobrovsky without a rebound.
18:17 of 3rd period - Tyler Toffoli wins face-off versus Alex Galchenyuk in BlackHawks zone.
18:17 of 3rd period - Tyler Toffoli is hit by Aaron Ekblad.
Goals for this period are 1 for BlackHawks vs 1 for RedWings.
Shots for this period are 10 for BlackHawks vs 11 for RedWings.